 Dungeon Crawl Stone Soup version 0.20-a0-899-g09a9bfb (webtiles) character file.

8496 nikopol the Basher (level 11, -8/69 HPs)
             Began as a Gargoyle Berserker on Mar 18, 2017.
             Was a High Priest of Trog.
             Mangled by a two-headed ogre
             ... wielding a +0 giant club
              (19 damage)
             ... while paralysed
             ... on level 10 of the Dungeon.
             The game lasted 00:31:09 (10338 turns).

nikopol the Basher (Gargoyle Berserker)            Turns: 10338, Time: 00:31:10

Health: -8/69      AC: 19    Str: 22    XL:     11   Next: 31%
Magic:  11/11      EV:  2    Int:  8    God:    Trog [*****.]
Gold:   621        SH:  0    Dex: 11    Spells: 10/10 levels left

rFire    . . .     SeeInvis .   a - +1 mace
rCold    . . .     Gourm    .   w - +0 chain mail
rNeg     + . .     Faith    .   (no shield)
rPois    ∞         Spirit   .   (no helmet)
rElec    +         Reflect  +   h - +0 cloak
rCorr    .         Harm     .   (no gloves)
MR       +....                  (no boots)
Stlth    ..........             i - +2 amulet of reflection
Regen    0.3/turn               u - ring of protection from magic
MPRegen  0.2/turn               (no ring)

@: paralysed, exhausted, slowed
A: negative energy resistance 1, electricity resistance, unbreathing,
petrification resistance, rot immunity, AC +7
a: Berserk, Trog's Hand, Brothers in Arms, Burn Spellbooks, Renounce Religion


You were on level 10 of the Dungeon.
You worshipped Trog.
Trog was extremely pleased with you.
You were very hungry.

You visited 1 branch of the dungeon, and saw 10 of its levels.
You also visited: Sewer.

You collected 621 gold pieces.

Inventory:

Hand Weapons
 a - a +1 mace (weapon)
 n - a cursed -3 shortbow
 z - a +0 shortbow
Missiles
 o - 192 arrows (quivered)
Armour
 b - a +0 animal skin
 f - a +0 leather armour
 h - a +0 cloak (worn)
 w - a +0 chain mail (worn)
Jewellery
 i - a +2 amulet of reflection (around neck)
 u - a ring of protection from magic (right hand)
 L - a cursed amulet of inaccuracy {unknown}
Wands
 t - a wand of flame (27/48)
 y - a wand of digging (3/24)
 G - a wand of digging (7/24)
 M - a wand of random effects (18/48)
Scrolls
 e - 2 scrolls of enchant weapon
 g - 2 scrolls of identify
 l - a scroll of immolation
 A - 2 scrolls of remove curse
 C - 3 scrolls of teleportation
 D - 2 scrolls of recharging {unknown}
Potions
 d - a potion of ambrosia {unknown}
 j - 5 potions of agility
 k - 7 potions of curing
 m - 2 potions of flight
 p - 2 potions of mutation {unknown}
 q - 5 potions of heal wounds
 r - 2 potions of cancellation {unknown}
 s - 3 potions of lignification
 F - 3 potions of might {unknown}
 I - a potion of degeneration {unknown}
 K - a potion of brilliance {unknown}
 N - a potion of resistance {unknown}
Comestibles
 c - 5 bread rations
 x - 3 meat rations
 H - 8 fruits
 J - 5 royal jellies


   Skills:
 + Level 8.8 Fighting
 * Level 9.7 Maces & Flails
 * Level 7.8 Bows
 + Level 8.0 Armour
 + Level 6.0 Dodging


You had 10 spell levels left.
You didn't know any spells.

Dungeon Overview and Level Annotations

Branches:
Dungeon (10/15)            Temple (0/1) D:7
   Lair: D:8-11         Orc: D:9-12

Altars:
Cheibriados
Gozag
Hepliaklqana
Makhleb
Qazlal
Ru
Vehumet
Xom
Zin
The Shining One

Shops:
D:7 (

Annotations:
D:7 exclusion: oklob sapling


Innate Abilities, Weirdness & Mutations

You are resistant to torment.
Your stone body is resilient. (AC +7)
You are immune to poison.
You resist negative energy. (rN+)
You are resistant to electric shocks. (rElec)
You can survive without breathing.
You are immune to petrification.
You are immune to rotting.


Message History

You sock the yak!
The yak is moderately wounded.
You sock the yak!
The yak is heavily wounded.
The yak closely misses you.
You sock the yak!
The yak is almost dead.
You bludgeon the yak!!
You kill the yak!
Trog accepts your kill.
Your chain mail prevents you from hitting the two-headed ogre.
You are no longer berserk.
You pass out from exhaustion.
You feel yourself slow down.
The two-headed ogre hits you with a giant club!
The two-headed ogre hits you but does no damage.
The two-headed ogre hits you with a giant club!!
* * * LOW HITPOINT WARNING * * *
The two-headed ogre hits you with a giant club!!
You die...

#################
.................
................#
...........>...
........##.....
........# ..#.. #
.......Y##..#....
#...#..YO@....#
#.....#########
+..... #.....
#..... #.... #...


You could see a two-headed ogre and 2 yaks.

Vanquished Creatures
  3 two-headed ogres (D:8)
  An unseen horror (D:10)
  The ghost of quik the Slicer, a novice HaSk of Gozag (D:6)
  Grinder (Sewer)
  A hornet (D:8)
  Eustachio (D:6)
  3 hogs (D:8)
  A human (D:8)
  2 hungry ghosts
  4 yaks
  Grum (D:9)
  Menkaure (D:6)
  A water moccasin (D:8)
  Duvessa (D:7)
  3 sky beasts
  An orc warrior (D:7)
  3 ice beasts (D:8)
  A phantom (D:8)
  3 ogres
  4 centaurs
  2 wolves (D:9)
  2 big kobolds
  Blork the orc (D:6)
  2 bullfrogs
  Dowan (D:7)
  A scorpion (D:7)
  4 howler monkeys
  3 crimson imps
  A centaur zombie (D:6)
  A quasit (Sewer)
  5 orc priests
  5 hounds
  A jelly (D:5)
  3 centaur skeletons
  4 iguanas
  5 orc wizards
  5 worker ants
  A gnoll (D:1)
  12 adders
  7 shadow imps
  An ufetubus (Sewer)
  4 oozes
  4 worms
  An adder skeleton (D:7)
  2 dart slugs (D:1)
  6 leopard geckos
  34 orcs
  8 bats
  9 giant cockroaches
  6 goblins
  3 hobgoblins (D:1)
  6 jackals
  6 quokkas
  3 ball pythons
  3 frilled lizards
  28 kobolds
  2 quokka skeletons
  2 quokka zombies
  5 rats
  2 plants (D:7)
238 creatures vanquished.

Vanquished Creatures (collateral kills)
  2 orc wizards (D:8)
  2 iguanas (D:8)
  A worker ant (D:8)
  3 orcs (D:8)
8 creatures vanquished.

Vanquished Creatures (others)
  An orc wizard (D:8)
  An ooze (Sewer)
  A kobold zombie (Sewer)
3 creatures vanquished.

Grand Total: 249 creatures vanquished

Notes
Turn   | Place    | Note
-------+----------+-------------------------------------------
     0 | D:1      | nikopol the Gargoyle Berserker began the quest for the Orb.
     0 | D:1      | Reached XP level 1. HP: 14/14 MP: 1/1
    63 | D:1      | Reached XP level 2. HP: 8/19 MP: 2/2
   581 | D:1      | Reached XP level 3. HP: 23/23 MP: 3/3
  1061 | D:2      | Found a hazy altar of Hepliaklqana.
  1181 | D:2      | Found a shimmering altar of Xom.
  1207 | D:2      | Reached ** piety under Trog
  1483 | D:2      | Reached XP level 4. HP: 29/29 MP: 4/4
  1639 | D:3      | Found a sacrificial altar of Ru.
  1921 | D:3      | Reached skill level 4 in Maces & Flails
  1921 | D:3      | Reached XP level 5. HP: 16/33 MP: 5/5
  2458 | D:4      | Reached XP level 6. HP: 39/39 MP: 6/6
  2630 | D:4      | Found a glowing drain.
  2639 | Sewer    | Entered a sewer
  2992 | Sewer    | Found a burning altar of Makhleb.
  3007 | Sewer    | Reached *** piety under Trog
  3021 | Sewer    | Reached skill level 5 in Fighting
  3048 | Sewer    | Reached XP level 7. HP: 37/44 MP: 7/7
  3129 | Sewer    | Noticed Grinder
  3164 | Sewer    | Paralysed by Grinder for 5 turns
  3181 | Sewer    | Paralysed by Grinder for 4 turns
  3202 | Sewer    | Killed Grinder
  3202 | Sewer    | Reached skill level 5 in Maces & Flails
  3733 | D:4      | Reached skill level 5 in Armour
  3830 | D:4      | Reached XP level 8. HP: 51/51 MP: 8/8
  4052 | D:5      | Entered Level 5 of the Dungeon
  4590 | D:5      | Found a glowing silver altar of Zin.
  4590 | D:5      | Found an opulent altar of Gozag.
  4908 | D:5      | Found a glowing golden altar of the Shining One.
  4984 | D:5      | Reached skill level 1 in Bows
  5453 | D:6      | Noticed Blork the orc
  5459 | D:6      | Reached skill level 6 in Maces & Flails
  5463 | D:6      | Killed Blork the orc
  5544 | D:6      | Noticed quik's ghost (novice HaSk)
  5555 | D:6      | Killed quik's ghost
  5555 | D:6      | Reached **** piety under Trog
  5555 | D:6      | Reached XP level 9. HP: 56/56 MP: 9/9
  5653 | D:6      | Noticed Menkaure
  5666 | D:6      | Killed Menkaure
  6090 | D:6      | Reached skill level 7 in Maces & Flails
  6216 | D:6      | Noticed Eustachio
  6413 | D:6      | Killed Eustachio
  6745 | D:7      | Noticed Duvessa
  6791 | D:7      | Killed Duvessa
  6792 | D:7      | Noticed Dowan
  6796 | D:7      | Killed Dowan
  7328 | D:7      | Found a burning altar of Makhleb.
  7329 | D:7      | Found a radiant altar of Vehumet.
  7436 | D:7      | Found a staircase to the Ecumenical Temple.
  7507 | D:7      | Found Pumiyqux's Antique Weapon Emporium.
  7631 | D:7      | Reached ***** piety under Trog
  7680 | D:7      | Reached skill level 5 in Dodging
  7732 | D:7      | Reached skill level 5 in Bows
  7840 | D:7      | Reached skill level 8 in Maces & Flails
  7840 | D:7      | Reached XP level 10. HP: 61/63 MP: 10/10
  8082 | D:8      | Noticed a two-headed ogre
  8095 | D:8      | Killed a two-headed ogre
  8118 | D:8      | Received a gift from Trog
  8355 | D:8      | Noticed a two-headed ogre
  8369 | D:8      | Killed a two-headed ogre
  8383 | D:8      | HP: 3/64 [worker ant (4)]
  8817 | D:8      | Reached skill level 9 in Maces & Flails
  8835 | D:8      | Noticed a two-headed ogre
  8845 | D:8      | Killed a two-headed ogre
  9016 | D:8      | Found a stormy altar of Qazlal.
  9112 | D:8      | Reached XP level 11. HP: 53/69 MP: 11/11
  9381 | D:9      | Received a gift from Trog
  9919 | D:9      | Found a snail-covered altar of Cheibriados.
  9923 | D:9      | Noticed Grum
  9941 | D:9      | Killed Grum
 10297 | D:10     | Entered Level 10 of the Dungeon
 10303 | D:10     | Noticed a two-headed ogre
 10329 | D:10     | Killed an unseen horror
 10338 | D:10     | Mangled by a two-headed ogre

Vault maps used:
D:1:      saegor_arrival_under_anarchy
D:2:      lemuel_crystal_altar, overflow_temple_1_default,
          nicolae_underground_beach
D:3:      nicolae_ru_awakened_eye
D:4:      portal_sewer_entry_d
D:5:      grunt_temple_overflow_gold_and_silver, nicolae_tso_carved_into_rock,
          first_bread
D:6:      minmay_misc_feat_four_crosses, uniq_eustachio, uniq_grinder,
          uniq_menkaure, uniq_blork_the_orc
D:7:      grunt_temple_overflow_lords_of_destruction, minmay_temple_entry_oklob,
          serial_shops, shop, uniq_duvessa
D:8:      kennysheep_mini, grunt_livestock
D:9:      cheibriados_altar_1, uniq_grum
D:10:     serial_shops, nicolae_shop_behind_doors, enter_bailey_3,
          sword_in_stone
Sewer:    kennysheep_sewer_church

Skill      XL: |  1  2  3  4  5  6  7  8  9 10 11 |
---------------+----------------------------------+-----
Dodging        | 2 3 4 5 6 |  6.0
Armour         | 3 4 5 6 7 8 |  8.0
Fighting       | 4 5 6 7 8 |  8.8
Maces & Flails | 4 5 6 8 9 |  9.7
Bows           | 3 5 7 |  7.8

Action                   |  1- 3 |  4- 6 |  7- 9 | 10-12 || total
-------------------------+-------+-------+-------+-------++-------
Melee: Mace              |    81 |   239 |   560 |   257 ||  1137
 Fire: Shortbow          |       |       |    88 |    77 ||   165
Invok: Berserk           |     1 |     3 |     7 |     5 ||    16
       Brothers in Arms  |       |       |       |     2 ||     2
       Trog's Hand       |       |       |       |     1 ||     1
Evoke: Wand              |       |       |       |     1 ||     1
  Use: Scroll            |       |     4 |     1 |    10 ||    15
  Eat: Chunk             |     3 |     6 |    30 |    14 ||    53
       Fruit             |       |     1 |     3 |       ||     4
       Royal jelly       |       |       |     1 |       ||     1
Armor: Leather armour    |    44 |    21 |       |       ||    65
       Chain mail        |       |   164 |   478 |   172 ||   814
Dodge: Dodged            |    51 |   139 |   371 |   128 ||   689
Block: Other             |       |       |    43 |    14 ||    57
       Reflection        |       |       |     1 |       ||     1
